 Dungeon Crawl Stone Soup version 0.28.0 (webtiles) character file.

Game seed: 3934346372310126245

310 enile the Skirmisher (level 6, -1/43 HPs)
             Began as an Octopode Fire Elementalist on Feb 18, 2022.
             Was a Follower of Uskayaw.
             Slain by an orc warrior (10 damage)
             ... on level 3 of the Dungeon.
             The game lasted 00:10:39 (5436 turns).

enile the Skirmisher (Octopode Fire Elementalist)   Turns: 5436, Time: 00:10:40

Health: -1/43      AC:  1    Str:  7    XL:     6   Next: 41%
Magic:  8/10       EV: 13    Int: 19    God:    Uskayaw [*.....]
Gold:   25         SH:  0    Dex: 13    Spells: 5/11 levels left

rFire   . . .      SeeInvis .   n - +0 morningstar
rCold   . . .      Faith    .   (no shield)
rNeg    . . .      Spirit   .   (helmet restricted)
rPois   .          Reflect  .   (no amulet)
rElec   .          Harm     .   c - +4 ring of slaying
rCorr   .          Rampage  .   s - ring of wizardry
Will    .....                   (no ring)
Stlth   +++.......              (no ring)
HPRegen 0.00/turn               (no ring)
MPRegen 0.12/turn               (no ring)
                                (no ring)
                                (no ring)

@: brilliant, inhibited regen
A: almost no armour, amphibious, 8 rings, camouflage 1, gelatinous body 1,
(nimble swimmer 1), tentacles, inhibited regeneration
a: Renounce Religion, Stomp


You were on level 3 of the Dungeon.
You worshipped Uskayaw.
Uskayaw was noncommittal.
You visited 1 branch of the dungeon, and saw 4 of its levels.

You collected 179 gold pieces.
You spent 154 gold pieces at shops.

Inventory:

Hand Weapons
 b - a +0 dagger
 i - a +0 short sword
 k - a +0 flail
 n - a +0 morningstar (weapon)
Missiles
 r - 3 poisoned darts
Jewellery
 c - a +4 ring of slaying (left tentacle)
 s - a ring of wizardry (right tentacle)
Scrolls
 d - 2 scrolls of magic mapping
 j - a scroll of fog
 l - a scroll of immolation {unknown}
Potions
 a - a potion of curing
 g - a potion of mutation
 o - a potion of ambrosia {unknown}
 q - a potion of magic {unknown}
 t - a potion of lignification {unknown}


   Skills:
 - Level 4.0 Fighting
 - Level 3.0 Dodging
 - Level 3.1 Stealth
 - Level 3.0 Spellcasting
 - Level 1.3 Conjurations
 - Level 3.1 Fire Magic
 + Level 2.4 Invocations


You had 5 spell levels left.
You knew the following spells:

 Your Spells              Type           Power      Damage    Failure   Level
a - Foxfire               Conj/Fire      68%        2x1d7     2%          1
b - Scorch                Fire           44%        2d7       2%          2
c - Inner Flame           Hex/Fire       13%        N/A       10%         3

Your spell library contained the following spells:

 Spells                   Type           Power      Damage    Failure   Level
 Freeze                   Ice            16%        1d4       6%          1
 Conjure Flame            Conj/Fire      17%        6-21      8%          3
 Ensorcelled Hibernation  Hex/Ice        8%         N/A       9%          2
 Passwall                 Tmut/Erth      3%         N/A       9%          2
 Frozen Ramparts          Ice            8%         1d2       17%         3
 Swiftness                Air            4%         N/A       17%         3
 Flame Wave               Conj/Fire      17%        2d6       24%         4
 Hailstorm                Conj/Ice       8%         3d4       41%         4


Dungeon Overview and Level Annotations

Branches:
Dungeon (4/15)
 Temple: D:4-7

Altars:
Nemelex Xobeh
Uskayaw
Zin

Shops:
D:4 ?

Annotations:
D:3 2 transporters, JustinTrotter's ghost, amateur MfGl


Innate Abilities, Weirdness & Mutations

You cannot wear most types of armour.
You are amphibious.
You can wear up to eight rings at the same time.
Your skin changes colour to match your surroundings (Stealth+).
Your rubbery body absorbs attacks. (AC +1, EV +1)
((You are camouflaged when in or above water. (Stealth+)))
You have tentacles for arms and can constrict up to eight enemies at once.
You do not regenerate when monsters are visible.


Message History

You start resting.
HP restored.
You start waiting.
Done waiting.
You climb downwards.
The orc warrior hits you with a +0 hand axe!
There is a stone staircase leading up here.
The orc warrior barely misses you.
You climb upwards.
Level annotation: 2 transporters, JustinTrotter's ghost, amateur MfGl
There is a stone staircase leading down here.
Casting: Foxfire (safe; 2% risk of failure)
Confirm with . or Enter, or press ? or * to list all spells.
Okay, then.
Okay, then.
As you read the scroll labelled FESTRO MEHIMN, it crumbles to dust.
It is a scroll of identify.
j - a scroll of fog The orc warrior hits you with a +0 hand axe!!
* * * LOW HITPOINT WARNING * * *
It was a potion of brilliance.
You feel clever all of a sudden. The orc warrior barely misses you.
Casting: Foxfire (safe; 2% risk of failure)
Confirm with . or Enter, or press ? or * to list all spells.
Okay, then.
Casting: Foxfire (safe; 2% risk of failure)
Confirm with . or Enter, or press ? or * to list all spells.
You feel a surge of power!
Flames lash the orc warrior.
The orc warrior is moderately wounded.
The orc warrior's fire resistance burns away.
The orc warrior misses you. The orc warrior barely misses you.
Casting: Scorch (safe; 2% risk of failure)
Confirm with . or Enter, or press ? or * to list all spells.
You feel a surge of power!
Flames lash the orc warrior.
The orc warrior is burned terribly!
The orc warrior is heavily wounded.
The orc warrior hits you with a +0 hand axe!
You die...

≈≈#≈#≈≈##......#
##...##..##.#.#
≈≈≈≈≈≈##########
##.###..##.#.# ≈≈≈≈≈##
#.###..#....# ≈≈≈###
######...........#
≈≈###
#####...###.##..#...##
≈≈..##
#........##.##......##
≈....#
#.##(.................
≈..#.####
#.##.o...##...........
..##....#
#.###@..###...........
.###.#### #.#
######............
.....# #.#
#...#..♣._.♣♣. .###.#
#.# #...###♣♣♣♣.## .#
#.# #.# #.#.# #####.
.# #.# #.# #.#.#
#..... ## #.# #.#
#.#.# #..... # #.# #.#
#.#.# #..... # #.# #.#
#.#.# #.....


You could see an orc warrior (combustible).

Vanquished Creatures
  A phantom (D:4)
  A scorpion (D:4)
  A water moccasin skeleton (D:4)
  6 adders
  3 worms
  A dart slug (D:4)
  2 orcs
  4 ball pythons
  5 bats
  9 endoplasms
  2 giant cockroaches
  8 goblins
  6 hobgoblins
  2 quokkas
  5 frilled lizards
  4 kobolds
  7 rats
67 creatures vanquished.

Vanquished Creatures (collateral kills)
  A foxfire (D:4)
1 creature vanquished.

Vanquished Creatures (others)
  82 foxfires
  A plant (D:3)
83 creatures vanquished.

Grand Total: 151 creatures vanquished

Notes
Turn   | Place    | Note
-------+----------+-------------------------------------------
     0 | D:1      | enile the Octopode Fire Elementalist began the quest for
                  | the Orb.
     0 | D:1      | Reached XP level 1. HP: 11/11 MP: 3/3
     6 | D:1      | Noticed a swamp worm
     6 | D:1      | Noticed a hound
     7 | D:1      | Noticed a polar bear
     7 | D:1      | Noticed a water moccasin
   370 | D:1      | Reached XP level 2. HP: 17/17 MP: 0/5
  1468 | D:2      | Reached skill level 1 in Fighting
  1470 | D:2      | Reached XP level 3. HP: 23/23 MP: 6/6
  1543 | D:2      | Learned a level 2 spell: Scorch
  2106 | D:2      | Reached skill level 2 in Fighting
  2592 | D:3      | Noticed JustinTrotter's ghost (amateur MfGl)
  2592 | D:3      | Noticed an ogre
  2593 | D:3      | Found a transporter.
  2602 | D:3      | Found a transporter.
  2845 | D:3      | Reached XP level 4. HP: 28/29 MP: 7/7
  2864 | D:3      | Found a glowing silver altar of Zin.
  3155 | D:3      | Found a hide-covered altar of Uskayaw.
  3346 | D:3      | Became a worshipper of Uskayaw the Reveller
  3602 | D:4      | Reached * piety under Uskayaw
  3665 | D:4      | Reached ** piety under Uskayaw
  3670 | D:4      | HP: 1/30 [water moccasin skeleton (8)]
  3672 | D:4      | Reached *** piety under Uskayaw
  3673 | D:4      | Reached skill level 3 in Fighting
  3673 | D:4      | Reached XP level 5. HP: 11/36 MP: 1/9
  3999 | D:4      | Noticed a phantom
  4404 | D:4      | Reached skill level 4 in Fighting
  4404 | D:4      | Reached XP level 6. HP: 22/43 MP: 1/10
  4779 | D:4      | Found Kioz Fie's Magic Scroll Emporium.
  4804 | D:4      | Bought a scroll of fear for 49 gold pieces
  4804 | D:4      | Bought a scroll of blinking for 105 gold pieces
  4891 | D:4      | Found a sparkling altar of Nemelex Xobeh.
  4963 | D:4      | Noticed an orc warrior
  4984 | D:4      | Learned a level 3 spell: Inner Flame
  5029 | D:4      | HP: 2/43 [orc warrior (14)]
  5031 | D:4      | Gained mutation: You do not regenerate when monsters are
                  | visible. [potion of mutation]
  5436 | D:3      | Slain by an orc warrior

Illustrated notes

Levels and vault maps discovered:
D:1:      onia_arrival_zoo_common, layout_loops_ring
D:2:      layout_loops_cross, kennysheep_another_room
D:3:      layout_loops_ring, zin_academy, marbit_many_paths,
          gammafunk_ghost_smash, chequers_big_river
D:4:      layout_cave_pools, mainiacjoe_overflow_six_doors_small, serial_shops,
          shop, kennysheep_generic_room_11

Skill      XL: |  1  2  3  4  5  6 |
---------------+-------------------+-----
Stealth        | 3 |  3.1
Fighting       | 1 2 3 4 |  4.0
Dodging        | 3 |  3.0
Spellcasting   | 3 |  3.0
Invocations    | 2 |  2.4
Conjurations   | |  1.3
Fire Magic     | |  3.1

Action                   |  1- 3 |  4- 6 || total
-------------------------+-------+-------++-------
Melee: Unarmed           |    14 |       ||    14
       Constrict         |    13 |     7 ||    20
       Dagger            |    43 |    29 ||    72
       Tentacles         |     6 |     6 ||    12
       Morningstar       |       |     2 ||     2
 Cast: Foxfire           |    28 |    22 ||    50
       Scorch            |     7 |    27 ||    34
Invok: Stomp             |       |     1 ||     1
  Use: Potion            |       |     5 ||     5
       Scroll            |       |     7 ||     7
 Stab: Sleeping          |     6 |     2 ||     8
       Paralysed         |       |     1 ||     1
Armor: Skin              |     3 |     2 ||     5
Dodge: Dodged            |    40 |    34 ||    74
